Workbook

Sheet PE04-PR03-F02
B1: PROCESO DE FORTALECIMIENTO A LA GESTIÓN INSTITUCIONAL
B2: Procedimiento para la gestión de riesgos institucionales
B3: Matriz de riesgos de Integridad Pública, Fiscales y de Gestión.
B4: Código: PE04-PR03-F02 | G4: Versión: 1.0
A6: No del riesgo | B6: Proceso | C6: Objetivo del Proceso | D6: Descripción del Riesgo | E6: Tipo de Riesgo | F6: Riesgo Inherente | G6: No. control | H6: Descripcion del Control | I6: Tipo de control | J6: Periodicidad | K6: Evaluación global de los controles | L6: Evidencia de los controles | M6: Riesgo Residual | N6: Tratamiento del Riesgo residual | O6: Responsable del reporte primera línea | P6: ¿Se materiaiizó el riesgo en el primer cuatrimestre? | Q6: Reporte de ejecución de controles y autocontrol de la primera línea - primer cuatrimestre | R6: Lista de evidencias ejecución de controles | S6: Responsable del monitoreo segunda línea de defensa | T6: ¿Se aportaron los soportes de implementación de los controles conforme al mapa de riesgos del proceso en el primer cuatrimestre? | U6: Descripción del monitoreo segunda línea de defensa - primer cuatrimestre | V6: Responsable del seguimiento tercera línea de defensa | W6: ¿La aplicación del control fue efectiva? | X6: Descripción del seguimiento tercera línea de defensa - primer cuatrimestre | Y6: Responsable del reporte primera línea | Z6: ¿Se materiaiizó el riesgo en el segundo cuatrimestre? | AA6: Reporte de ejecución de controles y autocontrol de la primera línea - segundo cuatrimestre | AB6: Lista de evidencias ejecución de controles | AC6: Responsable del monitoreo segunda línea de defensa | AD6: ¿Se aportaron los soportes de implementación de los controles conforme al mapa de riesgos del proceso en el segundo cuatrimestre? | AE6: Descripción del monitoreo segunda línea de defensa - segundo cuatrimestre | AF6: Responsable del seguimiento tercera línea de defensa | AG6: ¿La aplicación del control fue efectiva? | AH6: Descripción del seguimiento tercera línea de defensa - segundo cuatrimestre | AI6: Responsable del reporte primera línea | AJ6: ¿Se materiaiizó el riesgo en el tercer cuatrimestre? | AK6: Reporte de ejecución de controles y autocontrol de la primera línea - tercer cuatrimestre | AL6: Lista de evidencias ejecución de controles | AM6: Responsable del monitoreo segunda línea de defensa | AN6: ¿Se aportaron los soportes de implementación de los controles conforme al mapa de riesgos del proceso en el tercer cuatrimestre? | AO6: Descripción del monitoreo segunda línea de defensa - tercer cuatrimestre | AP6: Responsable del seguimiento tercera línea de defensa | AQ6: ¿La aplicación del control fue efectiva? | AR6: Descripción del seguimiento tercera línea de defensa - tercer cuatrimestre
A7: PE01-R01 | B7: PE01 - Direccionamiento Estratégico | C7: =IF(B7="","",_xlfn.XLOOKUP(B7,'PE04-PR03-F02LISTAS'!$B$7:$B$23,'PE04-PR03-F02LISTAS'!$C$7:$C$23,"")) -> Orientar, formular, implementar, hacer seguimiento y actualización de la planeación institucional en sus niveles estratégico, táctico y operativo, incluyendo políticas públicas, planes institucionales y proyectos de inversión, mediante la definición e implementación de lineamientos, metodologías e instrumentos de planeación que promuevan la articulación, y la toma de decisiones contribuyendo al cumplimiento de la misión, visión, objetivos institucionales, Plan de Desarrollo Distrital y la generación de valor público. | D7: Posibilidad de afectación económica y reputacional por requerimientos de entidades distritales o entes de control a causa de debilidades en la formulación de Proyectos de inversión, Plan Estratégico Institucional, Plan de Acción Institucional, Plan Anual de Adquisiciones y anteproyecto de presupuesto | E7: Gestión | F7: Moderado | G7: PE01-R01-1 | H7: El Jefe de la Oficina Asesora de Planeación verifica y valida cada vez que se formule, actualice o modifique cualquiera de los instrumentos de planeación institucional, la coherencia técnica, metodológica y la alineación estratégica de los Proyectos de Inversión, Plan Estratégico Institucional, Plan de Acción Institucional, Plan Anual de Adquisiciones y Anteproyecto de Presupuesto, antes de su aprobación y presentación a las instancias internas o externas competentes. Como evidencia de la acción se documentará a través de correos electrónicos de devolución o validación, actas de mesas de trabajo, lineamientos técnicos emitidos por la Oficina Asesora de Planeación, actas de Comité Institucional de Gestión y Desempeño o Comité de Contratación y versiones aprobadas de los documentos. En caso de identificar inconsistencias, falta de soporte, errores metodológicos o desalineación estratégica, devuelve formalmente el documento al responsable para ajustes, dejando registro de las observaciones realizadas. Una vez corregidas las observaciones, valida nuevamente la información y emite concepto favorable para continuar con el trámite de aprobación correspondiente. | I7: Preventivo | J7: Siempre que se ejecuta la actividad | K7: 0.15 | L7: Correos electrónicos de devolución o validación, actas de mesas de trabajo, lineamientos técnicos emitidos por la Oficina Asesora de Planeación, actas de Comité Institucional de Gestión y Desempeño o Comité de Contratación y versiones aprobadas de los documentos. | M7: Bajo | N7: Reducir
A8: PE01-R01 | B8: PE01 - Direccionamiento Estratégico | C8: =IF(B8="","",_xlfn.XLOOKUP(B8,'PE04-PR03-F02LISTAS'!$B$7:$B$23,'PE04-PR03-F02LISTAS'!$C$7:$C$23,"")) -> Orientar, formular, implementar, hacer seguimiento y actualización de la planeación institucional en sus niveles estratégico, táctico y operativo, incluyendo políticas públicas, planes institucionales y proyectos de inversión, mediante la definición e implementación de lineamientos, metodologías e instrumentos de planeación que promuevan la articulación, y la toma de decisiones contribuyendo al cumplimiento de la misión, visión, objetivos institucionales, Plan de Desarrollo Distrital y la generación de valor público. | D8: Posibilidad de afectación económica y reputacional por requerimientos de entidades distritales o entes de control a causa de debilidades en la formulación de Proyectos de inversión, Plan Estratégico Institucional, Plan de Acción Institucional, Plan Anual de Adquisiciones y anteproyecto de presupuesto | E8: Gestión | F8: Moderado | G8: PE01-R01-2 | H8: Los miembros del Comité Institucional de Gestión y Desempeño y/o Comité de Contratación, según corresponda. Revisan y aprueban la información presentada por la Oficina Asesora de Planeación verificando la articulación entre metas estratégicas, proyectos de inversión, programación presupuestal y necesidades de contratación en los instrumentos de planeación presentados, documentados a través de las actas de comité con decisiones adoptadas, observaciones y aprobaciones. Cuando se identifican inconsistencias o riesgos de incumplimiento normativo, el instrumento es devuelto para ajustes. Solo se aprueba cuando se evidencia cumplimiento de los criterios técnicos, normativos y estratégicos definidos por la entidad y por las entidades rectoras del Distritoa consistencia, pertinencia y alineación de los instrumentos de planificación institucional antes de su adopción o publicación. | I8: Detectivo | J8: Siempre que se ejecuta la actividad | K8: 0.15 | L8: instrumentos de planeación presentados, actas de comité con decisiones adoptadas, observaciones y aprobaciones. | M8: Bajo | N8: Reducir
A9: PE01-R01 | B9: PE01 - Direccionamiento Estratégico | C9: =IF(B9="","",_xlfn.XLOOKUP(B9,'PE04-PR03-F02LISTAS'!$B$7:$B$23,'PE04-PR03-F02LISTAS'!$C$7:$C$23,"")) -> Orientar, formular, implementar, hacer seguimiento y actualización de la planeación institucional en sus niveles estratégico, táctico y operativo, incluyendo políticas públicas, planes institucionales y proyectos de inversión, mediante la definición e implementación de lineamientos, metodologías e instrumentos de planeación que promuevan la articulación, y la toma de decisiones contribuyendo al cumplimiento de la misión, visión, objetivos institucionales, Plan de Desarrollo Distrital y la generación de valor público. | D9: Posibilidad de afectación económica y reputacional por requerimientos de entidades distritales o entes de control a causa de debilidades en la formulación de Proyectos de inversión, Plan Estratégico Institucional, Plan de Acción Institucional, Plan Anual de Adquisiciones y anteproyecto de presupuesto | E9: Gestión | F9: Moderado | G9: PE01-R01-3 | H9: El Profesional designado de la Oficina Asesora de Planeación compara y valida durante la formulación y cada vez que se realicen modificaciones, la concordancia entre el Plan Anual de Adquisiciones, el Anteproyecto de Presupuesto, el Plan de Acción Institucional y los Proyectos de Inversión, a través de los documentos PE01-PR14-F02 Formato inicial PAA, formatos de justificación presupuestal, Proyectos de Inversión, Plan de Acción Institucional y sistemas SEGPLAN y PREDIS. Si detecta diferencias en valores, fuentes de financiación, cronogramas o metas, solicita ajustes a las dependencias responsables antes de la consolidación definitiva | I9: Preventivo | J9: Siempre que se ejecuta la actividad | K9: 0.15 | L9: documentos PE01-PR14-F02 Formato inicial PAA, formatos de justificación presupuestal, Proyectos de Inversión, Plan de Acción Institucional y sistemas SEGPLAN y PREDIS. | M9: Bajo | N9: Reducir
A10: PE01-R02 | B10: PE01 - Direccionamiento Estratégico | C10: =IF(B10="","",_xlfn.XLOOKUP(B10,'PE04-PR03-F02LISTAS'!$B$7:$B$23,'PE04-PR03-F02LISTAS'!$C$7:$C$23,"")) -> Orientar, formular, implementar, hacer seguimiento y actualización de la planeación institucional en sus niveles estratégico, táctico y operativo, incluyendo políticas públicas, planes institucionales y proyectos de inversión, mediante la definición e implementación de lineamientos, metodologías e instrumentos de planeación que promuevan la articulación, y la toma de decisiones contribuyendo al cumplimiento de la misión, visión, objetivos institucionales, Plan de Desarrollo Distrital y la generación de valor público. | D10: Posibilidad de afectación económica y reputacional por sanciones y hallazgos de entes de control, requerimientos de entidades distritales o quejas de grupos de valor a causa de incumplimiento en la ejecución de las actividades y metas asociadas con las Políticas Públicas Distritales, Plan Distrital de Desarrollo y Proyectos de Inversión | E10: Gestión | F10: Alto | G10: PE01-R02-1 | H10: Profesional de la Oficina Asesora de Planeación encargado del seguimiento institucional verifica y monitorea mensualmente el avance físico y de gestión de las actividades, metas e indicadores asociados a las Políticas Públicas Distritales, Plan Distrital de Desarrollo, Plan de Acción Institucional y Proyectos de Inversión, mediante el Plan de Acción Institucional, incluyendo las observaciones de la segunda línea de defensa. Cuando identifica desviaciones, rezagos o riesgos de incumplimiento, genera alertas tempranas y solicita a la dependencia responsable la formulación e implementación de acciones correctivas o planes de mejora, efectuando seguimiento a su cumplimiento hasta el cierre de la situación detectada | I10: Detectivo | J10: Mensual | K10: 0.12 | L10: Plan de Acción Institucional, seguimiento de la segunda línea de defensa | M10: Bajo | N10: Reducir
A11: PE01-R02 | B11: PE01 - Direccionamiento Estratégico | C11: =IF(B11="","",_xlfn.XLOOKUP(B11,'PE04-PR03-F02LISTAS'!$B$7:$B$23,'PE04-PR03-F02LISTAS'!$C$7:$C$23,"")) -> Orientar, formular, implementar, hacer seguimiento y actualización de la planeación institucional en sus niveles estratégico, táctico y operativo, incluyendo políticas públicas, planes institucionales y proyectos de inversión, mediante la definición e implementación de lineamientos, metodologías e instrumentos de planeación que promuevan la articulación, y la toma de decisiones contribuyendo al cumplimiento de la misión, visión, objetivos institucionales, Plan de Desarrollo Distrital y la generación de valor público. | D11: Posibilidad de afectación económica y reputacional por sanciones y hallazgos de entes de control, requerimientos de entidades distritales o quejas de grupos de valor a causa de incumplimiento en la ejecución de las actividades y metas asociadas con las Políticas Públicas Distritales, Plan Distrital de Desarrollo y Proyectos de Inversión | E11: Gestión | F11: Alto | G11: PE01-R02-2 | H11: Jefe de la Oficina Asesora de Planeación valida trimestralmente la consistencia, calidad, oportunidad y veracidad de la información reportada sobre el avance de metas, indicadores y productos institucionales mediante las matrices de seguimiento, reportes de avance, soportes documentales, bases de datos, correos electrónicos o comunicaciones de retroalimentación y evidencias de ejecución. Cuando identifica inconsistencias, diferencias o ausencia de soportes, devuelve la información al responsable para su corrección y solicita los ajustes correspondientes antes de emitir el aval institucional para su reporte ante entidades distritales o partes interesadas. | I11: Detectivo | J11: Trimestral | K11: 0.08 | L11: las matrices de seguimiento, reportes de avance, soportes documentales, bases de datos, correos electrónicos o comunicaciones de retroalimentación y evidencias de ejecución. | M11: Bajo | N11: Reducir
A12: PE01-R03 | B12: PE01 - Direccionamiento Estratégico | C12: =IF(B12="","",_xlfn.XLOOKUP(B12,'PE04-PR03-F02LISTAS'!$B$7:$B$23,'PE04-PR03-F02LISTAS'!$C$7:$C$23,"")) -> Orientar, formular, implementar, hacer seguimiento y actualización de la planeación institucional en sus niveles estratégico, táctico y operativo, incluyendo políticas públicas, planes institucionales y proyectos de inversión, mediante la definición e implementación de lineamientos, metodologías e instrumentos de planeación que promuevan la articulación, y la toma de decisiones contribuyendo al cumplimiento de la misión, visión, objetivos institucionales, Plan de Desarrollo Distrital y la generación de valor público. | D12: Posibilidad de afectación económica y reputacional por sanciones y hallazgos de entes de control, requerimientos de entidades distritales o quejas de grupos de valor a causa de incumplimiento en la oportunidad, calidad, consistencia y veracidad en el reporte y publicación de información de avances de Políticas Públicas Distritales, Plan Distrital de Desarrollo, Proyectos de Inversión, Plan Anual de Adquisiciones y Plan Estratégico Sectorial | E12: Gestión | F12: Alto | G12: PE01-R03-1 | H12: Jefe de la Oficina Asesora de Planeación. revisa la información consolidada verificando coherencia entre avances físicos, presupuestal y de gestión, cumplimiento de lineamientos metodológicos y correspondencia con las metas institucionales y sectoriales, antes del reporte o remisión o publicación de la información, como soporte del control se definen las actas de reunión, correos electrónicos o aprobaciones en el aplicativo correspondiente. Si encuentra inconsistencias, devuelve el reporte al profesional responsable para su ajuste. Solo autoriza la remisión cuando la información cumple los criterios de oportunidad, suficiencia, consistencia y calidad exigidos por la normativa y las entidades receptoras. | I12: Preventivo | J12: Siempre que se ejecuta la actividad | K12: 0.16 | L12: las actas de reunión, correos electrónicos o aprobaciones en el aplicativo correspondiente. | M12: Bajo | N12: Reducir
A13: PE01-R03 | B13: PE01 - Direccionamiento Estratégico | C13: =IF(B13="","",_xlfn.XLOOKUP(B13,'PE04-PR03-F02LISTAS'!$B$7:$B$23,'PE04-PR03-F02LISTAS'!$C$7:$C$23,"")) -> Orientar, formular, implementar, hacer seguimiento y actualización de la planeación institucional en sus niveles estratégico, táctico y operativo, incluyendo políticas públicas, planes institucionales y proyectos de inversión, mediante la definición e implementación de lineamientos, metodologías e instrumentos de planeación que promuevan la articulación, y la toma de decisiones contribuyendo al cumplimiento de la misión, visión, objetivos institucionales, Plan de Desarrollo Distrital y la generación de valor público. | D13: Posibilidad de afectación económica y reputacional por sanciones y hallazgos de entes de control, requerimientos de entidades distritales o quejas de grupos de valor a causa de incumplimiento en la oportunidad, calidad, consistencia y veracidad en el reporte y publicación de información de avances de Políticas Públicas Distritales, Plan Distrital de Desarrollo, Proyectos de Inversión, Plan Anual de Adquisiciones y Plan Estratégico Sectorial | E13: Gestión | F13: Alto | G13: PE01-R03-2 | H13: Profesional de la Oficina Asesora de Planeación realiza y verifica el seguimiento del cumplimiento de los cronogramas, fechas límite y compromisos establecidos para la entrega, reporte y publicación de información. Este seguimiento se documenta en los cronogramas institucionales, matrices de seguimiento, requerimientos de entidades distritales y planes de trabajo. Su frecuencia es de acuerdo con las fechas establecidas en cada cronograma. Esto se evidencia en las matrices de seguimiento actualizadas, correos de solicitud y recordatorio, actas o registros de seguimiento y reportes de cumplimiento. | I13: Detectivo | J13: Siempre que se ejecuta la actividad | K13: 0.3 | L13: cronogramas institucionales, matrices de seguimiento, requerimientos de entidades distritales y planes de trabajo. | M13: Bajo | N13: Reducir
A14: PE02-R01 | B14: PE02 - Gestión del Talento Humano | C14: =IF(B14="","",_xlfn.XLOOKUP(B14,'PE04-PR03-F02LISTAS'!$B$7:$B$23,'PE04-PR03-F02LISTAS'!$C$7:$C$23,"")) -> Gestionar la vinculación, permanencia y desvinculación de las y los servidores públicos y desarrollar actividades para el mejoramiento del nivel de las competencias y el clima laboral, en condiciones de trabajo seguro y saludable para fortalecer el sentido de pertenencia, contribuir a la calidad de vida del talento humano y contribuir al logro de los objetivos institucionales. | D14: Posibilidad de afectación económica y reputacional por sanciones de entes de control, acciones administrativas y demandas judiciales a causa de debilidades en la vinculación de personal de planta sin el cumplimiento de los requisitos | E14: Integridad_Pública_Corrupción | F14: Bajo | G14: PE02-R01-1 | H14: El (La) profesional contratista de la SGC - proceso de Gestión del Talento Humano verifica cada vez que se vincula un servidor público al Instituto el cumplimiento de los requisitos mínimos dispuestos en la norma que regula la materia y los procedimientos internos, este seguimiento queda documentado mediante correo electrónico institucional, en caso de identificar que un servidor no cumple con dichos requisitos, se le responde por correo electrónico al aspirante para que subsane las observaciones. | I14: Detectivo | J14: Siempre que se ejecuta la actividad | K14: 0.28 | L14: correo electrónico institucional | M14: Bajo | N14: Reducir
A15: PE02-R02 | B15: PE02 - Gestión del Talento Humano | C15: =IF(B15="","",_xlfn.XLOOKUP(B15,'PE04-PR03-F02LISTAS'!$B$7:$B$23,'PE04-PR03-F02LISTAS'!$C$7:$C$23,"")) -> Gestionar la vinculación, permanencia y desvinculación de las y los servidores públicos y desarrollar actividades para el mejoramiento del nivel de las competencias y el clima laboral, en condiciones de trabajo seguro y saludable para fortalecer el sentido de pertenencia, contribuir a la calidad de vida del talento humano y contribuir al logro de los objetivos institucionales. | D15: Posibilidad de afectación económica por sanciones y/o multas de entes de control y/o demandas a causa de debilidades en el procesamiento de los pagos de nómina | E15: Gestión | F15: Moderado | G15: PE02-R02-1 | H15: "El (La)Técnica administrativa de nómina liquida mensualmente la nómina, prestaciones sociales y seguridad social, con base a las novedades recibidas en el periodo, las cuales se ven reflejadas a través del reporte generado por el aplicativo de nómina vigente. En caso de presentarse un pago mayor al que se debería liquidar se informa por memorando al servidor público informando la situación para solicitar autorización de descuento en el siguiente pago. En caso de un pago menor al que se debería liquidar se informa por correo electrónico al servidor público, pagándose la diferencia en la siguiente nómina." | I15: Detectivo | J15: Mensual | K15: 0.06 | L15: eporte generado por el aplicativo de nómina vigente. | M15: Bajo | N15: Reducir
A16: PE02-R03 | B16: PE02 - Gestión del Talento Humano | C16: =IF(B16="","",_xlfn.XLOOKUP(B16,'PE04-PR03-F02LISTAS'!$B$7:$B$23,'PE04-PR03-F02LISTAS'!$C$7:$C$23,"")) -> Gestionar la vinculación, permanencia y desvinculación de las y los servidores públicos y desarrollar actividades para el mejoramiento del nivel de las competencias y el clima laboral, en condiciones de trabajo seguro y saludable para fortalecer el sentido de pertenencia, contribuir a la calidad de vida del talento humano y contribuir al logro de los objetivos institucionales. | D16: Posibilidad de afectación reputacional porposibles quejas de los grupos de valor a causa de debilidades en la concertación de compromisos o acuerdos de gestión y la realización de la respectiva Evaluación de Desempeño | E16: Gestión | F16: Bajo | G16: PE02-R03-1 | H16: "El (La) profesional contratista de la SGC - proceso de Gestión del Talento Humano verifica la realización oportuna de la concertación de compromisos y evaluación del desempeño de acuerdo con las causales y tiempos definidos en la normativa vigente, lo anterior se soporta con el acta de reunión donde se realiza el seguimiento a los radicados con la concertación de compromisos o evaluación del desempeño. En caso de evidenciar fallas en la evaluación o concertación de compromisos por parte del evaluador y evaluado, en los términos de Ley, se procederá a aplicar las acciones dispuestas en la normativa." | I16: Detectivo | J16: Siempre que se ejecuta la actividad | K16: 0.12 | L16: acta de reunión donde se realiza el seguimiento a los radicados con la concertación de compromisos o evaluación del desempeño. | M16: Bajo | N16: Reducir
A17: PE02-R04 | B17: PE02 - Gestión del Talento Humano | C17: =IF(B17="","",_xlfn.XLOOKUP(B17,'PE04-PR03-F02LISTAS'!$B$7:$B$23,'PE04-PR03-F02LISTAS'!$C$7:$C$23,"")) -> Gestionar la vinculación, permanencia y desvinculación de las y los servidores públicos y desarrollar actividades para el mejoramiento del nivel de las competencias y el clima laboral, en condiciones de trabajo seguro y saludable para fortalecer el sentido de pertenencia, contribuir a la calidad de vida del talento humano y contribuir al logro de los objetivos institucionales. | D17: Posibilidad de afectación económica y reputacional por hallazgos y/o sanciones de entes de control, acciones administrativas y demandas judiciales a causa de debilidades en la planeación y ejecución de las acciones del Sistema de Gestión de Seguridad y Salud en el Trabajo. | E17: Gestión | F17: Alto | G17: PE02-R04-1 | H17: El (La) profesional especializado de Talento Humano de la SGC realiza el seguimiento al cumplimiento del Plan de trabajo del Plan de Seguridad y Salud en el Trabajo mensualmente, a través de los insumos presentados para el reporte del Plan de Acción Institucional, remitidos por correo electrónico por el profesional de SST. En caso de evidenciar incumplimiento en la ejecución de las actividades programadas se informa al responsable del Sistema de Seguridad y Salud en el Trabajo para que tome las medidas pertinentes. | I17: Detectivo | J17: Mensual | K17: 0.06 | L17: Seguimiento al Plan de trabajo del Plan de Seguridad y Salud en el Trabajo | M17: Bajo | N17: Reducir
A18: PE03-R01 | B18: PE03 - Gestión de Comunicaciones | C18: =IF(B18="","",_xlfn.XLOOKUP(B18,'PE04-PR03-F02LISTAS'!$B$7:$B$23,'PE04-PR03-F02LISTAS'!$C$7:$C$23,"")) -> Conceptualizar, diseñar, divulgar y realizar el seguimiento de las solicitudes de comunicación internas y externas, para la visibilización de las actividades realizadas por el Instituto | D18: Posibilidad de afectación reputacional por quejas o reclamos de la ciudadanía en general, grupos de valor y/o interés a causa de omisión o difusión errada de información misional a través de canales oficiales externos o internos de la entidad | E18: Gestión | F18: Alto | G18: PE03-R01-1 | H18: El o La técnico administrativo de Dirección General - comunicaciones monitorea semanalmente los medios de comunicación con el fin de analizar posibles casos que deriven en una crisis reputacional en materia animal, como soporte de evidencia se documenta a través de los boletines de monitoreo de medios. En caso de una crisis reputacional se cita al comite de crisis. | I18: Detectivo | J18: Siempre que se ejecuta la actividad | K18: 0.49 | L18: boletines de monitoreo de medios | M18: Moderado | N18: Reducir
... A106: PM06-R11 | B106: PM06 - Atención y Protección Integral a la Fauna Doméstica, Especies No Convencionales y Sinantrópicas | C106: =IF(B106="","",_xlfn.XLOOKUP(B106,'PE04-PR03-F02LISTAS'!$B$7:$B$23,'PE04-PR03-F02LISTAS'!$C$7:$C$23,"")) -> Prestar atención a los animales domésticos, de granja, especies no convencionales y sinantrópicas en Bogotá D.C., a través de intervenciones médico_x0002_veterinarias, atención de casos por presunto maltrato animal y verificación de condiciones de bienestar basado en los cinco dominios, articulando acciones con entidades públicas, privadas y la ciudadanía que favorezcan la recuperación, rehabilitación y reintegración de estos animales a entornos seguros y adecuados. | D106: Posibilidad de afectación económica y reputacional por demandas o quejas de grupos de valor o ciudadanas o hallazgos administrativos de entes de control o auditorías internas a causa de debilidades en la aplicación o documentación del protocolo de eutanasia de animales bajo custodia o cuidado de los servicios del IDPYBA | E106: Gestión | F106: Extrema | G106: PM06-R11-1 | H106: El Comité de Eutanasia valida en cada caso que se considere el tratamiento de la eutanasia humanitaria, los criterios técnicos y lineamientos establecidos, para evaluar y tomar de manera consensuada la decisión de su aplicación, lo anterior se soporta a través acta de reunión o base de datos dependiendo del programa o estrategia. En caso de evidenciar la aplicación del tratamiento de la eutanasia humanitaria sin la autorización del comité de eutanasia se procederá remitir el caso a Control Disciplinario. | I106: Preventivo | J106: Siempre que se ejecuta la actividad | K106: 0.3 | L106: acta de reunión o base de datos dependiendo del programa o estrategia. | M106: Moderado | N106: Mitigar
C107: =IF(B107="","",_xlfn.XLOOKUP(B107,'PE04-PR03-F02LISTAS'!$B$7:$B$23,'PE04-PR03-F02LISTAS'!$C$7:$C$23,""))
C108: =IF(B108="","",_xlfn.XLOOKUP(B108,'PE04-PR03-F02LISTAS'!$B$7:$B$23,'PE04-PR03-F02LISTAS'!$C$7:$C$23,""))
C109: =IF(B109="","",_xlfn.XLOOKUP(B109,'PE04-PR03-F02LISTAS'!$B$7:$B$23,'PE04-PR03-F02LISTAS'!$C$7:$C$23,""))
C110: =IF(B110="","",_xlfn.XLOOKUP(B110,'PE04-PR03-F02LISTAS'!$B$7:$B$23,'PE04-PR03-F02LISTAS'!$C$7:$C$23,""))
C111: =IF(B111="","",_xlfn.XLOOKUP(B111,'PE04-PR03-F02LISTAS'!$B$7:$B$23,'PE04-PR03-F02LISTAS'!$C$7:$C$23,""))
C112: =IF(B112="","",_xlfn.XLOOKUP(B112,'PE04-PR03-F02LISTAS'!$B$7:$B$23,'PE04-PR03-F02LISTAS'!$C$7:$C$23,""))
C113: =IF(B113="","",_xlfn.XLOOKUP(B113,'PE04-PR03-F02LISTAS'!$B$7:$B$23,'PE04-PR03-F02LISTAS'!$C$7:$C$23,""))
C114: =IF(B114="","",_xlfn.XLOOKUP(B114,'PE04-PR03-F02LISTAS'!$B$7:$B$23,'PE04-PR03-F02LISTAS'!$C$7:$C$23,""))
C115: =IF(B115="","",_xlfn.XLOOKUP(B115,'PE04-PR03-F02LISTAS'!$B$7:$B$23,'PE04-PR03-F02LISTAS'!$C$7:$C$23,""))
C116: =IF(B116="","",_xlfn.XLOOKUP(B116,'PE04-PR03-F02LISTAS'!$B$7:$B$23,'PE04-PR03-F02LISTAS'!$C$7:$C$23,""))
C117: =IF(B117="","",_xlfn.XLOOKUP(B117,'PE04-PR03-F02LISTAS'!$B$7:$B$23,'PE04-PR03-F02LISTAS'!$C$7:$C$23,""))
C118: =IF(B118="","",_xlfn.XLOOKUP(B118,'PE04-PR03-F02LISTAS'!$B$7:$B$23,'PE04-PR03-F02LISTAS'!$C$7:$C$23,""))
... C208: =IF(B208="","",_xlfn.XLOOKUP(B208,'PE04-PR03-F02LISTAS'!$B$7:$B$23,'PE04-PR03-F02LISTAS'!$C$7:$C$23,""))

Sheet PE04-PR03-F02LISTAS
B1: PROCESO DE FORTALECIMIENTO A LA GESTIÓN INSTITUCIONAL
B2: Procedimiento para la gestión de riesgos institucionales
B3: Matriz de riesgos de Integridad Pública, Fiscales y de Gestión.
B4: Código: PE04-PR03-F02 | G4: Versión: 1.0
A6: No del riesgo | B6: Proceso | C6: Objetivo del Proceso | D6: Descripción del Riesgo | E6: Tipo de Riesgo | F6: Riesgo Inherente | G6: No. control | H6: Descripcion del Control | I6: Periodicidad | J6: Evaluación global de los controles | K6: Evidencia de los controles | L6: Riesgo Residual | M6: Tratamiento del Riesgo residual | N6: Responsable del reporte primera línea | O6: ¿Se materiaiizó el riesgo en el primer cuatrimestre? | P6: Reporte de ejecución de controles y autocontrol de la primera línea - primer cuatrimestre | Q6: Lista de evidencias ejecución de controles | R6: Responsable del monitoreo segunda línea de defensa | S6: ¿Se aportaron los soportes de implementación de los controles conforme al mapa de riesgos del proceso en el primer cuatrimestre? | T6: Descripción del monitoreo segunda línea de defensa - primer cuatrimestre | U6: Responsable del seguimiento tercera línea de defensa | V6: ¿La aplicación del control fue efectiva? | W6: Descripción del seguimiento tercera línea de defensa - primer cuatrimestre | X6: Responsable del reporte primera línea | Y6: ¿Se materiaiizó el riesgo en el segundo cuatrimestre? | Z6: Reporte de ejecución de controles y autocontrol de la primera línea - segundo cuatrimestre | AA6: Lista de evidencias ejecución de controles | AB6: Responsable del monitoreo segunda línea de defensa | AC6: ¿Se aportaron los soportes de implementación de los controles conforme al mapa de riesgos del proceso en el segundo cuatrimestre? | AD6: Descripción del monitoreo segunda línea de defensa - segundo cuatrimestre | AE6: Responsable del seguimiento tercera línea de defensa | AF6: ¿La aplicación del control fue efectiva? | AG6: Descripción del seguimiento tercera línea de defensa - segundo cuatrimestre | AH6: Responsable del reporte primera línea | AI6: ¿Se materiaiizó el riesgo en el tercer cuatrimestre? | AJ6: Reporte de ejecución de controles y autocontrol de la primera línea - tercer cuatrimestre | AK6: Lista de evidencias ejecución de controles | AL6: Responsable del monitoreo segunda línea de defensa | AM6: ¿Se aportaron los soportes de implementación de los controles conforme al mapa de riesgos del proceso en el tercer cuatrimestre? | AN6: Descripción del monitoreo segunda línea de defensa - tercer cuatrimestre | AO6: Responsable del seguimiento tercera línea de defensa | AP6: ¿La aplicación del control fue efectiva? | AQ6: Descripción del seguimiento tercera línea de defensa - tercer cuatrimestre
B7: PE01 - Direccionamiento Estratégico | C7: Orientar, formular, implementar, hacer seguimiento y actualización de la planeación institucional en sus niveles estratégico, táctico y operativo, incluyendo políticas públicas, planes institucionales y proyectos de inversión, mediante la definición e implementación de lineamientos, metodologías e instrumentos de planeación que promuevan la articulación, y la toma de decisiones contribuyendo al cumplimiento de la misión, visión, objetivos institucionales, Plan de Desarrollo Distrital y la generación de valor público. | E7: Gestión | F7: Bajo | I7: Siempre que se ejecuta la actividad | L7: Bajo | M7: Reducir
B8: PE02 - Gestión del Talento Humano | C8: Gestionar la vinculación, permanencia y desvinculación de las y los servidores públicos y desarrollar actividades para el mejoramiento del nivel de las competencias y el clima laboral, en condiciones de trabajo seguro y saludable para fortalecer el sentido de pertenencia, contribuir a la calidad de vida del talento humano y contribuir al logro de los objetivos institucionales. | E8: Fiscal | F8: Moderado | I8: Diario | L8: Moderado | M8: Mitigar
B9: PE03 - Gestión de Comunicaciones | C9: Conceptualizar, diseñar, divulgar y realizar el seguimiento de las solicitudes de comunicación internas y externas, para la visibilización de las actividades realizadas por el Instituto | E9: Integridad_Pública_LA_FT_FP | F9: Alto | I9: Mensual | L9: Alto | M9: Transferir
B10: PE04 - Fortalecimiento de la Gestión Institucional | C10: Administrar el Sistema de Gestión del IDPYBA mediante la definición de orientaciones, la articulación de los procesos, el acompañamiento técnico y el seguimiento a su implementación y mejora, con el propósito de consolidar la operación institucional por procesos, fortalecer la gestión del conocimiento y garantizar la generación, uso y preservación de información para la toma de decisiones, contribuyendo al fortalecimiento organizacional y al cumplimiento de los objetivos misionales del Instituto. | E10: Integridad_Pública_Corrupción | F10: Extremo | I10: Bimestral | L10: Extremo | M10: Aceptar
B11: PE05 - Servicio a la Ciudadanía | C11: Brindar a la ciudadanía un servicio cálido, respetuoso, digno e incluyente, garantizando la atención oportuna y de calidad a sus requerimientos, mediante las pautas del servicio con divulgación ágil, eficiente y accesible de los servicios del Instituto Distrital de Protección y Bienestar Animal – IDPYBA, a través de los canales de atención dispuestos, promoviendo la confianza, la participación y la satisfacción ciudadana. | I11: Trimestral | M11: Evitar
B12: PM02 - Apropiación de la Cultura Ciudadana | C12: Promover capacidades ciudadanas en torno a la protección y el bienestar animal a través de estrategias de educación y participación ciudadana incidente, mediante el fortalecimiento y generación de espacios de interacción entre la institucionalidad y la ciudadanía, con el fin de prevenir el maltrato animal y la naturalización de la violencia de la que son sujetos. | I12: Semestral
B13: PM03 - Regulación Asociada a la PYBA | C13: Promover las buenas prácticas en bienestar animal en los prestadores de servicio lícitos y con fines de lucro que trabajan para y con los animales en el Distrito Capital, dirigidas a prevenir los riesgos asociados con afectaciones en el bienestar, sufrimiento y maltrato animal, a través de la elaboración y divulgación de los lineamientos técnicos y la realización de actividades o acciones de inspección y vigilancia.
B14: PM04 - Gestión del Conocimiento Asociado a la PYBA | C14: Conocer el relacionamiento humano – animal a través del seguimiento de la política pública, análisis y generación de productos de investigación y alianzas institucionales, para incidir en la toma de decisiones en torno a la Protección y Bienestar Animal.
B15: PM06 - Atención y Protección Integral a la Fauna Doméstica, Especies No Convencionales y Sinantrópicas | C15: Prestar atención a los animales domésticos, de granja, especies no convencionales y sinantrópicas en Bogotá D.C., a través de intervenciones médico_x0002_veterinarias, atención de casos por presunto maltrato animal y verificación de condiciones de bienestar basado en los cinco dominios, articulando acciones con entidades públicas, privadas y la ciudadanía que favorezcan la recuperación, rehabilitación y reintegración de estos animales a entornos seguros y adecuados.
B16: PA02 - Gestión Jurídica | C16: Orientar, representar, acompañar, conceptuar, revisar, compilar, actualizar, capacitar, sustanciar y gestionar dentro del marco de las competencias del Instituto Distrital de Protección y Bienestar Animal - IDPYBA, las peticiones, consultas ciudadanas, actos administrativos, proyectos normativos, denuncias, procesos judiciales, diligencias judiciales, policivas y administrativas, documentos de operación y gestión interna, entre otros, de manera que permita lograr estándares de eficiencia y seguridad jurídica, facilitando la toma de decisiones y la prevención del daño antijurídico.
B17: PA03 - Gestión Administrativa | C17: Gestionar los recursos al servicio de la Entidad, mediante la prestación de los servicios de apoyo administrativo, control de inventarios y servicios ambientales, con el fin de garantizar el efectivo funcionamiento de la Entidad.
B18: PA04 - Gestión Tecnológica | C18: Liderar la gestión estratégica de tecnologías de la información y las comunicaciones, mediante la provisión, administración, soporte y gestión de los servicios, gobernanza y capacidad tecnológica de soluciones, sistemas de información, infraestructura y servicios de tecnologías de la información y comunicaciones en el IDPYBA, con un enfoque de generación de valor público a los interesados, que habilite las capacidades y servicios tecnológicos necesarios para impulsar la transformación digital, fortaleciendo la gestión y el cumplimiento de la misión y los objetivos institucionales.
B19: PA05 - Gestión Financiero | C19: Planear, ejecutar y controlar los recursos financieros apropiados a la entidad, para el cumplimiento de su misionalidad y la normatividad vigente.
B20: PA06 - Gestión Documental | C20: Gestionar de manera integral los documentos de la entidad, asegurando su producción, recepción, organización, trámite, almacenamiento, recuperación, conservación y disposición final, conforme a la normatividad archivística vigente, con el fin de garantizar la calidad, integridad, autenticidad, trazabilidad y disponibilidad de la información institucional para la toma de decisiones y la transparencia en la gestión pública.
B21: PA07 - Gestión Contractual | C21: Adelantar de manera eficiente, transparente y conforme a la normatividad vigente todas las etapas del proceso contractual, desde la planeación hasta la liquidación de los contratos, garantizando el cumplimiento de los principios de la función administrativa y de la contratación estatal (planeación, transparencia, economía, responsabilidad y selección objetiva) y contribuyendo al cumplimento de las metas y objetivos institucionales.
B22: PV01 - Evaluación y Control Independiente a la Gestión | C22: Fortalecer la gestión institucional y proteger el valor público del Instituto Distrital de Protección y Bienestar Animal mediante la provisión de aseguramiento objetivo, asesoría y análisis basado en riesgos, a través de la evaluación independiente del Sistema de Control Interno y de la gestión institucional, generando valor agregado, alertas tempranas y recomendaciones que contribuyan a la mejora continua, la toma de decisiones y el cumplimiento de los objetivos institucionales.
B23: PV02 - Control Disciplinario | C23: Adelantar y tramitar los procesos disciplinarios de competencia del Instituto respecto de servidores(as) y ex servidores(as), aplicando la normativa disciplinaria vigente, con el fin de establecer la posible responsabilidad disciplinaria; así como diseñar y ejecutar acciones preventivas orientadas a promover el cumplimiento de los deberes funcionales y a evitar la ocurrencia de faltas disciplinarias

Sheet Control de Cambios
C1: PROCESO DE FORTALECIMIENTO A LA GESTIÓN INSTITUCIONAL
C2: Procedimiento de Gestión Integral de Riesgos
C3: Matriz de riesgos de Integridad Pública, Fiscales y de Gestión.
C4: Código: PE04-PR03-F01 | G4: Versión: 1.0
A6: Vigencia | C6: 2026
A7: Versión | C7: Fecha | E7: Control de Cambios
A8: 1.0 | C8: 46265 | E8: Se consoidan los riesgos y controles identificados en los 17 procesos del IDPYBA
